[Event "*** Titled Tuesday Blitz"]
[Site "Chess.com"]
[Date "2020.04.14"]
[Round "3"]
[White "Gubajdullin"]
[Black "kreonx"]
[Result "1-0"]
[WhiteElo "2536"]
[BlackElo "2244"]
[TimeControl "180+1"]
[EndTime "10:24:47 PDT"]
[Termination "Gubajdullin won by resignation"]

1. d4 f5 2. Nf3 Nf6 3. Bg5 Ne4 4. Bf4 d6 5. e3 g6 6. Nbd2 Bg7 7. Nxe4 fxe4 8.
Nd2 d5 9. c4 e6 10. Be2 O-O 11. Bg3 Kh8 12. h4 h6 13. h5 g5 14. Qc2 c6 15. O-O-O a5 16. f3 exf3 17. Nxf3 Nd7 18. Bd6 Re8 19. Qg6 Nf8 20. Bxf8 Rxf8 21. Bd3 Kg8 22.
Qh7+ Kf7 23. Bg6+ Kf6 24. Ne5 Rg8 25. Rhf1+ Ke7 26. Rf7+ 1-0

[Event "*** Titled Tuesday Blitz"]
[Site "Chess.com"]
[Date "2020.04.14"]
[Round "3"]
[White "mjray79"]
[Black "MatthewG-p4p"]
[Result "0-1"]
[WhiteElo "2246"]
[BlackElo "2752"]
[TimeControl "180+1"]
[EndTime "10:24:49 PDT"]
[Termination "MatthewG-p4p won by resignation"]

1. d4 Nf6 2. c4 c5 3. d5 e6 4. Nc3 exd5 5. cxd5 d6 6. Nf3 g6 7.
Bf4 Bg7 8. h3 O-O 9. e3 Na6 10.
Be2 Nc7 11. O-O Re8 12. a4 Ne4 13. Rc1 Rb8 14. Bc4 a6 15. a5 b5 16. axb6 Rxb6 17.
Nd2 Nxd2 18. Qxd2 Rb4 19. Qe2 Qf6 20. Bg3 Bb7 21. e4 Nb5 22. Bxb5 axb5 23. Nxb5 Ba6 24.
e5 Qd8 25. Qf3 Bxb5 26. Rfd1 Bxe5 0-1

[Event "*** Titled Tuesday Blitz"]
[Site "Chess.com"]
[Date "2020.04.14"]
[Round "3"]
[White "SHIVACalypso"]
[Black "CyberneticLion"]
[Result "1/2-1/2"]
[WhiteElo "2253"]
[BlackElo "2497"]
[TimeControl "180+1"]
[EndTime "10:24:55 PDT"]
[Termination "Game drawn by repetition"]

1. Nf3 d5 2. c4 e6 3. g3 Nf6 4.
Bg2 c6 5. O-O Be7 6. d4 O-O 7.
Nc3 b6 8. Nd2 Ba6 9. cxd5 exd5 10.
Re1 Nbd7 11. e4 dxe4 12. Ndxe4 Nxe4 13. Bxe4 Bb7 14. d5 cxd5 15. Bxd5 Bxd5 16. Nxd5 Bf6 17. Nxf6+ Nxf6 18. Bg5 h6 19. Qxd8 Rfxd8 20. Bxf6 gxf6 21.
Rad1 Rac8 22. Rxd8+ Rxd8 23. Re7 a5 24. Rb7 Rd6 25.
Kg2 f5 26. Kf3 Kg7 27. h4 Kf6 28. Ke3 Ke6 29. f3 h5 30. Rb8 Kf6 31. Rh8 Re6+ 32.
Kd3 Rd6+ 33. Ke3 Kg6 34. Rg8+ Kf6 35. Rh8 1/2-1/2

[Event "*** Titled Tuesday Blitz"]
[Site "Chess.com"]
[Date "2020.04.14"]
[Round "3"]
[White "machupichu10"]
[Black "Er_is_geen_hoop_meer"]
[Result "1-0"]
[WhiteElo "2802"]
[BlackElo "2473"]
[TimeControl "180+1"]
[EndTime "10:24:58 PDT"]
[Termination "machupichu10 won by resignation"]

1. d4 g6 2. c4 Bg7 3. Nc3 d6 4. Nf3 e5 5. dxe5 dxe5 6. Qxd8+ Kxd8 7. Bg5+ f6 8. O-O-O+ Bd7 9. Be3 Nc6 10. g4 Kc8 11. h3 h5 12. Bg2 g5 13. Nd2 Nh6 14.
Bxc6 Bxc6 15. f3 Nf7 16. Nde4 b6 17. Nd5 Rh6 18. Ne7+ Kb7 19. Nf5 Rh7 20. Nxg7 Bxe4 21. Nxh5 Rxh5 22. gxh5 Bc6 23. h4 g4 24. fxg4 Bxh1 25. Rxh1 Rg8 26. g5 fxg5 27. hxg5 Nxg5 28. Rg1 Rh8 29. Rxg5 1-0

[Event "*** Titled Tuesday Blitz"]
[Site "Chess.com"]
[Date "2020.04.14"]
[Round "3"]
[White "mattcolins2025"]
[Black "atbenina64"]
[Result "0-1"]
[WhiteElo "2281"]
[BlackElo "2515"]
[TimeControl "180+1"]
[EndTime "10:24:58 PDT"]
[Termination "atbenina64 won by resignation"]

1. d4 d5 2. c4 c6 3. Nc3 Nf6 4. Nf3 e6 5. Bg5 dxc4 6. e4 b5 7. e5 h6 8. Bh4 g5 9. Nxg5 hxg5 10. Bxg5 Nbd7 11. g3 Qb6 12. exf6 Bb7 13. Bg2 O-O-O 14.
O-O c5 15. d5 b4 16. Na4 Qb5 17. dxe6 Bxg2 18. Kxg2 Qc6+ 19. Kg1 Ne5 20. f4 Rxd1 21. Raxd1 Nf3+ 22. Rxf3 Qxf3 23. Re1 fxe6 24. f7 Bg7 0-1

[Event "*** Titled Tuesday Blitz"]
[Site "Chess.com"]
[Date "2020.04.14"]
[Round "3"]
[White "Falia-p"]
[Black "CMS13"]
[Result "0-1"]
[WhiteElo "2319"]
[BlackElo "2136"]
[TimeControl "180+1"]
[EndTime "10:24:59 PDT"]
[Termination "CMS13 won by resignation"]

1. e4 e5 2. Nf3 Nc6 3. Bb5 Bc5 4. O-O Qf6 5. d3 h6 6. Be3 Bb6 7. Nbd2 Nge7 8. Nc4 O-O 9. Nxb6 axb6 10. d4 d6 11.
dxe5 dxe5 12. h3 Qg6 13. Kh2 Qxe4 14. Re1 Qg6 15. Bd3 e4 16. Nh4 Qf6 17. Bxe4 Qxh4 18.
f3 Be6 19. a3 Nf5 20. Bf2 Qxf2 0-1

[Event "*** Titled Tuesday Blitz"]
[Site "Chess.com"]
[Date "2020.04.14"]
[Round "3"]
[White "Jojo_1608"]
[Black "ChessAintFun"]
[Result "0-1"]
[WhiteElo "2232"]
[BlackElo "2533"]
[TimeControl "180+1"]
[EndTime "10:25:00 PDT"]
[Termination "ChessAintFun won by checkmate"]

1. d4 Nf6 2. c4 g6 3. Nc3 d5 4. Bg5 Ne4 5. Bf4 Nxc3 6. bxc3 Bg7 7. Nf3 c5 8. e3 O-O 9. Be2 cxd4 10. cxd4 dxc4 11.
Bxc4 Nc6 12. O-O Qa5 13. Rb1 a6 14. Qe2 b5 15. Bd5 Bb7 16. Bg5 e6 17. Be4 f5 18. Bc2 Qxa2 19. Ra1 Qd5 20. Rab1 Na5 21. Ne5 Qxg2# 0-1

[Event "*** Titled Tuesday Blitz"]
[Site "Chess.com"]
[Date "2020.04.14"]
[Round "3"]
[White "rpragchess"]
[Black "kingofthenil"]
[Result "0-1"]
[WhiteElo "2762"]
[BlackElo "2549"]
[TimeControl "180+1"]
[EndTime "10:25:05 PDT"]
[Termination "kingofthenil won by resignation"]

1. e4 e6 2. d3 d5 3. Qe2 Nf6 4. Nf3 Be7 5. g3 O-O 6. Bg2 c5 7. O-O Nc6 8. e5 Nd7 9. c4 b5 10. cxb5 Nd4 11. Nxd4 cxd4 12. Nd2 Qc7 13. Nf3 Qb6 14.
a4 a6 15. Bd2 axb5 16. a5 Qa7 17. b4 Ba6 18. Rfc1 Rfc8 19. h4 Rxc1+ 0-1

[Event "*** Titled Tuesday Blitz"]
[Site "Chess.com"]
[Date "2020.04.14"]
[Round "3"]
[White "SanchezKelvin"]
[Black "KazakhFighter04"]
[Result "0-1"]
[WhiteElo "2428"]
[BlackElo "2727"]
[TimeControl "180+1"]
[EndTime "10:25:09 PDT"]
[Termination "KazakhFighter04 won by resignation"]

1. d4 Nf6 2. c4 e6 3. Nf3 d5 4.
Nc3 Be7 5. Bg5 O-O 6. e3 h6 7. Bxf6 Bxf6 8. Qc2 c6 9. h4 g6 10. g4 Bg7 11. h5 g5 12. Ne5 Nd7 13. f4 Nxe5 14.
dxe5 d4 15. O-O-O c5 16. Ne4 f6 17. exf6 Bxf6 18. Nxc5 Qe7 19. Qg6+ Qg7 20. Qxg7+ Bxg7 21. fxg5 dxe3 22. gxh6 Bxh6 23. Be2 Rf2 24. Rde1 b6 25. Nd3 Bg5 26. Kb1 Bb7 27. Rhg1 Be4 28. Ka1 Rxe2 29. Rxe2 Bxd3 0-1

[Event "*** Titled Tuesday Blitz"]
[Site "Chess.com"]
[Date "2020.04.14"]
[Round "3"]
[White "OparinGrigoriy"]
[Black "Alexandercs432"]
[Result "1-0"]
[WhiteElo "2966"]
[BlackElo "2128"]
[TimeControl "180+1"]
[EndTime "10:25:15 PDT"]
[Termination "OparinGrigoriy won on time"]

1. Nf3 d5 2. g3 c6 3. Bg2 Bg4 4. O-O Nd7 5. c4 e6 6. cxd5 cxd5 7. Nc3 Ngf6 8. Qb3 Qb6 9. d3 Be7 10. h3 Bh5 11. Be3 Bc5 12. Qxb6 Bxb6 13. Bf4 O-O 14. g4 Bg6 15. Nh4 Rfc8 16. Rfc1 a6 17. Na4 Ba7 18. g5 Nh5 19. Nxg6 hxg6 20. Bd6 1-0

[Event "*** Titled Tuesday Blitz"]
[Site "Chess.com"]
[Date "2020.04.14"]
[Round "3"]
[White "Saloni1299"]
[Black "cholzan"]
[Result "1-0"]
[WhiteElo "2237"]
[BlackElo "2507"]
[TimeControl "180+1"]
[EndTime "10:25:15 PDT"]
[Termination "Saloni1299 won by resignation"]

1. e4 e6 2. d4 d5 3. Nc3 Bb4 4. e5 c5 5. a3 Bxc3+ 6. bxc3 Ne7 7. Qg4 Qc7 8. Bd3 Nbc6 9. Nf3 Bd7 10. O-O c4 11. Be2 Nf5 12. Nh4 h5 13. Qg5 Qd8 14.
Nxf5 Qxg5 15. Nd6+ Ke7 16. Bxg5+ f6 17. Bf4 g5 18.
exf6+ Kxf6 19. Bd2 Na5 20. a4 Ke7 21. Nb5 a6 22.
Bxg5+ 1-0

[Event "*** Titled Tuesday Blitz"]
[Site "Chess.com"]
[Date "2020.04.14"]
[Round "3"]
[White "HrvojeZagreb"]
[Black "KingCrusher275"]
[Result "1-0"]
[WhiteElo "2197"]
[BlackElo "2373"]
[TimeControl "180+1"]
[EndTime "10:25:20 PDT"]
[Termination "HrvojeZagreb won by resignation"]

1. d4 d5 2. Bf4 Nf6 3. e3 c5 4.
Nc3 Nc6 5. Nb5 g5 6. Bg3 e5 7.
dxe5 Ne4 8. Qxd5 Qxd5 9. Nc7+ Kd8 10. Nxd5 Nxg3 11. hxg3 Nxe5 12. O-O-O Bd7 13. Nf3 Nxf3 14. gxf3 Bg7 15. f4 gxf4 16. Nxf4 Rc8 17. Bh3 Rc7 18.
Nh5 Be5 19. f4 1-0

[Event "*** Titled Tuesday Blitz"]
[Site "Chess.com"]
[Date "2020.04.14"]
[Round "3"]
[White "DrBergerBerger"]
[Black "chenxiaoyuer"]
[Result "1-0"]
[WhiteElo "2507"]
[BlackElo "2064"]
[TimeControl "180+1"]
[EndTime "10:25:21 PDT"]
[Termination "DrBergerBerger won by checkmate"]

1. e4 c5 2. Nc3 d6 3. d4 cxd4 4. Qxd4 a6 5. b3 Nc6 6. Qd2 Nf6 7. Bb2 e6 8. O-O-O Be7 9. f4 O-O 10. g4 Nxg4 11. Nf3 b5 12. Rg1 e5 13. h3 Nf6 14.
fxe5 Nxe5 15. Nxe5 dxe5 16. Qg2 Ng4 17. Rxd8 Rxd8 18.
hxg4 Rd1+ 19. Nxd1 Bg5+ 20. Kb1 f6 21. Bc1 Be6 22.
Bxg5 Rd8 23. Bd3 fxg5 24. Ne3 g6 25. Rf1 Rxd3 26. cxd3 Bxb3 27. axb3 a5 28. Qf2 a4 29. Qf8# 1-0

[Event "*** Titled Tuesday Blitz"]
[Site "Chess.com"]
[Date "2020.04.14"]
[Round "3"]
[White "SaguriGuerra"]
[Black "LuisFSiles"]
[Result "0-1"]
[WhiteElo "2527"]
[BlackElo "2315"]
[TimeControl "180+1"]
[EndTime "10:25:22 PDT"]
[Termination "LuisFSiles won by resignation"]

1. Nf3 Nf6 2. g3 g6 3. b3 Bg7 4.
Bb2 O-O 5. Bg2 c5 6. c4 Nc6 7. O-O d6 8. d4 cxd4 9. Nxd4 Bd7 10. Nc2 Qa5 11. Nc3 Qh5 12. e4 Qxd1 13. Raxd1 Rac8 14. Rfe1 Bg4 15. f3 Be6 16. Ne3 Nd7 17. Ned5 Rfe8 18. f4 Kf8 19. Re2 Bg4 20. a4 Nd4 21. Red2 Bxd1 22. Ne3 0-1

[Event "*** Titled Tuesday Blitz"]
[Site "Chess.com"]
[Date "2020.04.14"]
[Round "3"]
[White "chessdjw"]
[Black "PenguinPacks"]
[Result "1-0"]
[WhiteElo "2615"]
[BlackElo "2381"]
[TimeControl "180+1"]
[EndTime "10:25:23 PDT"]
[Termination "chessdjw won by resignation"]

1. e4 c5 2. Nf3 d6 3. d4 cxd4 4.
Nxd4 Nf6 5. Nc3 Nc6 6. Bg5 g6 7. Bxf6 exf6 8. Bb5 Bd7 9. O-O Bg7 10. Nxc6 bxc6 11.
Be2 Be6 12. Qd2 f5 13. exf5 Bxf5 14. Bf3 d5 15. Rfe1+ Kf8 16. Na4 Rb8 17. Rad1 Bf6 18. Qh6+ Bg7 19. Qf4 Bf6 20. c4 Be6 21. Nc5 Kg7 22.
Rxe6 fxe6 23. Nxe6+ Kf7 24. Nxd8+ Rhxd8 25. cxd5 Rxb2 26.
Qc7+ Kf8 27. d6 Rxa2 28. Qxh7 a5 29. Qxg6 Bg7 30. Bh5 Kg8 31. Qf7+ Kh8 32. Qxa2 1-0

[Event "*** Titled Tuesday Blitz"]
[Site "Chess.com"]
[Date "2020.04.14"]
[Round "3"]
[White "Reality-Stone"]
[Black "Zurability"]
[Result "0-1"]
[WhiteElo "2403"]
[BlackElo "2698"]
[TimeControl "180+1"]
[EndTime "10:25:27 PDT"]
[Termination "Zurability won by resignation"]

1. d4 Nf6 2. c4 e6 3. g3 b6 4.
Bg2 c6 5. Nc3 d5 6. Nf3 Ba6 7.
Ne5 Nfd7 8. cxd5 cxd5 9. O-O Be7 10. Bf4 Bb7 11. Rc1 Nxe5 12. Bxe5 O-O 13. a3 Nc6 14.
Bf4 Rc8 15. Qd3 Na5 16. Nb5 a6 17. Rxc8 Bxc8 0-1

[Event "*** Titled Tuesday Blitz"]
[Site "Chess.com"]
[Date "2020.04.14"]
[Round "3"]
[White "PeterPantz"]
[Black "Spalir"]
[Result "1/2-1/2"]
[WhiteElo "2248"]
[BlackElo "2600"]
[TimeControl "180+1"]
[EndTime "10:25:27 PDT"]
[Termination "Game drawn by repetition"]

1. d4 d5 2. c4 e6 3. Nc3 Nf6 4. cxd5 exd5 5. Bg5 Be7 6. e3 c6 7. Bd3 h6 8. Bh4 Nbd7 9. f3 O-O 10. Nge2 Re8 11.
Qc2 Nb6 12. h3 Nh5 13. Bf2 Nf6 14. e4 dxe4 15. fxe4 Bb4 16. a3 Bxc3+ 17. bxc3 Be6 18. e5 Nfd7 19. O-O Nc4 20. Nf4 Ndb6 21. a4 a5 22. Rab1 Qd7 23. Nxe6 fxe6 24. Qe2 Qd5 25. Be4 Qd7 26.
Bd3 Qd5 27. Be4 Qd8 28. Bd3 Qd5 1/2-1/2

[Event "*** Titled Tuesday Blitz"]
[Site "Chess.com"]
[Date "2020.04.14"]
[Round "3"]
[White "ZiggyStardust64"]
[Black "Guenplen"]
[Result "0-1"]
[WhiteElo "2609"]
[BlackElo "2942"]
[TimeControl "180+1"]
[EndTime "10:25:30 PDT"]
[Termination "Guenplen won by checkmate"]

1. d4 d5 2. c4 e6 3. Nf3 Nf6 4. e3 Nbd7 5. b3 Bd6 6. Bb2 O-O 7. Bd3 b6 8. O-O Bb7 9. Nc3 dxc4 10. bxc4 c5 11. d5 exd5 12. cxd5 a6 13. a4 Ne5 14.
Nxe5 Bxe5 15. e4 Qc7 16. g3 Rfe8 17. Rc1 Bc8 18. Qc2 Bh3 19. Rfe1 c4 20. Be2 Rab8 21. Rcd1 b5 22. axb5 axb5 23. f4 Qc5+ 24. Kh1 Qf2 25. Bd3 Bg2# 0-1

[Event "*** Titled Tuesday Blitz"]
[Site "Chess.com"]
[Date "2020.04.14"]
[Round "3"]
[White "Dhaydon19"]
[Black "kinga2008"]
[Result "1-0"]
[WhiteElo "2632"]
[BlackElo "2214"]
[TimeControl "180+1"]
[EndTime "10:25:32 PDT"]
[Termination "Dhaydon19 won by resignation"]

1. c4 c5 2. Nf3 g6 3. d4 cxd4 4. Nxd4 Bg7 5. Nc3 Nc6 6. e3 Nf6 7. Be2 O-O 8. b3 d5 9. Bb2 dxc4 10. Nxc6 bxc6 11. Bxc4 Bg4 12. f3 Bf5 13. e4 Qxd1+ 14. Rxd1 Bd7 15. e5 Nd5 16. Nxd5 cxd5 17. Bxd5 Rad8 18.
Bc4 Bc6 19. Ke2 e6 20. Rxd8 Rxd8 21. Rd1 Rxd1 22. Kxd1 Kf8 23. Bd4 Ke7 24. a4 a5 25.
Ke2 Kd7 26. Bc3 h5 27. g3 g5 28. Ke3 g4 29. f4 Ke7 30. Bxa5 f6 31. Bc3 fxe5 32. Bxe5 Bxe5 33. fxe5 Bf3 34. b4 Kd7 35. Kd4 Bd1 36. a5 Ba4 37. Kc5 Kc7 38. b5 1-0

[Event "*** Titled Tuesday Blitz"]
[Site "Chess.com"]
[Date "2020.04.14"]
[Round "3"]
[White "DaggiGretarsson"]
[Black "sergoy"]
[Result "0-1"]
[WhiteElo "2650"]
[BlackElo "2879"]
[TimeControl "180+1"]
[EndTime "10:25:33 PDT"]
[Termination "sergoy won by resignation"]

1. d4 Nf6 2. c4 e6 3. Nf3 d5 4.
Nc3 c6 5. e3 Nbd7 6. Qc2 Bd6 7.
Be2 O-O 8. O-O dxc4 9. Bxc4 b5 10. Bd3 Bb7 11. a3 Qe7 12. Bd2 a5 13. Ne4 Nxe4 14.
Bxe4 f5 15. Bd3 c5 16. dxc5 Nxc5 17. Be2 Rac8 18. Qd1 a4 19. Bxb5 Nb3 20. Bxa4 Bxf3 21. gxf3 Bxh2+ 22. Kxh2 Qh4+ 23. Kg2 Qg5+ 0-1

[Event "*** Titled Tuesday Blitz"]
[Site "Chess.com"]
[Date "2020.04.14"]
[Round "3"]
[White "temiksmozg"]
[Black "Dr-Bassem"]
[Result "1-0"]
[WhiteElo "2647"]
[BlackElo "2825"]
[TimeControl "180+1"]
[EndTime "10:25:33 PDT"]
[Termination "temiksmozg won by resignation"]

1. d4 e6 2. c4 f5 3. g3 Nf6 4. Bg2 Be7 5. Nf3 O-O 6. O-O d6 7. b3 Qe8 8. Bb2 Ne4 9. Nfd2 Nxd2 10. Nxd2 Bf6 11. f4 Nc6 12. e3 e5 13. Bd5+ Kh8 14. dxe5 dxe5 15. Re1 Nb4 16. fxe5 1-0

[Event "*** Titled Tuesday Blitz"]
[Site "Chess.com"]
[Date "2020.04.14"]
[Round "3"]
[White "MiroVlasenko"]
[Black "BilodeauA"]
[Result "0-1"]
[WhiteElo "2662"]
[BlackElo "2908"]
[TimeControl "180+1"]
[EndTime "10:25:34 PDT"]
[Termination "BilodeauA won by resignation"]

1. e4 e5 2. Nc3 Nf6 3. Bc4 Bc5 4. d3 d6 5. f4 Ng4 6. Qf3 Nc6 7. f5 h5 8. Nh3 Nd4 9. Qd1 Qh4+ 10. Kd2 c6 11.
Ne2 b5 12. Bb3 Qxh3 13. Qg1 Qh4 14. Qf1 Ne3 15. Kxe3 Nxb3+ 16. d4 Nxd4 17. Kd3 b4 0-1

[Event "*** Titled Tuesday Blitz"]
[Site "Chess.com"]
[Date "2020.04.14"]
[Round "3"]
[White "terrapin33"]
[Black "GM_RobertoMogranzini"]
[Result "0-1"]
[WhiteElo "2151"]
[BlackElo "2511"]
[TimeControl "180+1"]
[EndTime "10:25:36 PDT"]
[Termination "GM_RobertoMogranzini won by resignation"]

1. d4 Nf6 2. Bg5 d5 3. c4 Ne4 4. h4 c6 5. Nc3 Nxc3 6. bxc3 h6 7. Bf4 Nd7 8. cxd5 cxd5 9. Nf3 Qa5 10. Qb3 e6 11. e3 Be7 12. Bd3 O-O 13. Kf1 b6 14.
Kg1 Ba6 15. Bb1 Rac8 16. Ne5 Nxe5 17. Bxe5 Qxc3 18. Rh3 0-1

[Event "*** Titled Tuesday Blitz"]
[Site "Chess.com"]
[Date "2020.04.14"]
[Round "3"]
[White "cukin84"]
[Black "StockholmMissile"]
[Result "0-1"]
[WhiteElo "2104"]
[BlackElo "2421"]
[TimeControl "180+1"]
[EndTime "10:25:36 PDT"]
[Termination "StockholmMissile won by resignation"]

1. e4 e5 2. Nf3 Nc6 3. c3 Nf6 4. d4 exd4 5. e5 Nd5 6. cxd4 Bb4+ 7. Bd2 Bxd2+ 8. Nbxd2 d6 9. Bb5 O-O 10. O-O Nde7 11.
Rc1 dxe5 12. dxe5 a6 13. Ba4 Bf5 14. Re1 h6 15. Qe2 Qc8 16. Ne4 Rd8 17. Ng3 Bg4 18. h3 Nd4 19. Qe4 Bxf3 20. gxf3 Qxh3 21. Rxc7 Ng6 22.
Bb3 Nh4 23. Bxf7+ Kh8 0-1

[Event "*** Titled Tuesday Blitz"]
[Site "Chess.com"]
[Date "2020.04.14"]
[Round "3"]
[White "124chess"]
[Black "kleopl"]
[Result "1-0"]
[WhiteElo "2620"]
[BlackElo "2391"]
[TimeControl "180+1"]
[EndTime "10:25:40 PDT"]
[Termination "124chess won by resignation"]

1. Nf3 Nf6 2. c4 g6 3. d4 Bg7 4.
Nc3 d5 5. Bg5 c6 6. cxd5 cxd5 7.
e3 O-O 8. Bd3 Nc6 9. O-O h6 10.
Bh4 Be6 11. Rc1 Rc8 12. Qe2 a6 13. Rfd1 b5 14. a4 b4 15. Nb1 a5 16. Ba6 Na7 17.
Bxc8 Bxc8 18. Nbd2 Ne8 19. Nb3 g5 20. Bg3 Bb7 21.
Nc5 Bc8 22. Ne1 Nd6 23. Bxd6 exd6 24. Nb3 Bd7 25. Ra1 Bc8 26. Rdc1 Qb6 27. Qc2 Ba6 28. Qc7 Rb8 29. Qxb6 Rxb6 30. Nxa5 1-0

[Event "*** Titled Tuesday Blitz"]
[Site "Chess.com"]
[Date "2020.04.14"]
[Round "3"]
[White "Jadro9"]
[Black "WinningButNotReally"]
[Result "1-0"]
[WhiteElo "2691"]
[BlackElo "2421"]
[TimeControl "180+1"]
[EndTime "10:25:44 PDT"]
[Termination "Jadro9 won by resignation"]

1. e4 e5 2. Nf3 Nc6 3. Bb5 a6 4. Ba4 Nf6 5. d3 b5 6. Bb3 Be7 7. a4 Bb7 8. Nc3 b4 9. Nd5 O-O 10. a5 Nd4 11. Nxe7+ Qxe7 12. Nxd4 exd4 13. O-O d5 14.
Re1 dxe4 15. dxe4 Rad8 16. e5 Ne4 17. Qg4 Nf6 18. Qh4 Bd5 19. Bg5 Rfe8 20. Ba4 c6 21.
f3 Qc5 22. exf6 d3+ 23. Qf2 Qxf2+ 24. Kxf2 dxc2 25. Bxc2 b3 26. Bf5 Be6 27. Bxe6 fxe6 28. f7+ Kxf7 29. Bxd8 Rxd8 30. Rad1 1-0

[Event "*** Titled Tuesday Blitz"]
[Site "Chess.com"]
[Date "2020.04.14"]
[Round "3"]
[White "Gahan-MG"]
[Black "picturesquecheck"]
[Result "1-0"]
[WhiteElo "2520"]
[BlackElo "2212"]
[TimeControl "180+1"]
[EndTime "10:25:47 PDT"]
[Termination "Gahan-MG won by resignation"]

1. e4 c5 2. c3 d5 3. exd5 Qxd5 4. d4 Nc6 5. Nf3 Bf5 6. dxc5 Qxd1+ 7. Kxd1 e5 8. Be3 Nf6 9. b4 Nd5 10. Bb5 O-O-O 11.
Kc1 Nxe3 12. fxe3 f6 13. Bxc6 bxc6 14. Re1 Be4 15. Nbd2 Bd5 16. e4 Bf7 17. Kc2 a5 18. Nb3 a4 19. Na5 Kc7 20. Nd2 g6 21. Ndc4 Bh6 22.
Rad1 Rxd1 23. Rxd1 Bxc4 24. Nxc4 Rd8 25. Rxd8 Kxd8 26. Nb6 a3 27. Nc4 Kc7 28. Nxa3 f5 29. Kd3 Bf4 30. g3 Bc1 31. Nc4 f4 32. Nxe5 fxg3 33.
hxg3 g5 34. g4 Bf4 35. Nc4 h6 36. a4 1-0

[Event "*** Titled Tuesday Blitz"]
[Site "Chess.com"]
[Date "2020.04.14"]
[Round "3"]
[White "Suleyman_Chess06"]
[Black "Fh2411"]
[Result "1-0"]
[WhiteElo "2218"]
[BlackElo "2451"]
[TimeControl "180+1"]
[EndTime "10:25:48 PDT"]
[Termination "Suleyman_Chess06 won by resignation"]

1. Nf3 d5 2. d4 c6 3. Bf4 Nf6 4. e3 Bg4 5. h3 Nbd7 6. hxg4 Nxg4 7. Bd3 h5 8. Bf5 Ngf6 9. c3 g6 10.
Bd3 Bg7 11. Nbd2 Ng4 12. Qc2 f5 13. Bxf5 gxf5 14. Qxf5 Nf8 15. Rxh5 Nf6 16. Rxh8 Bxh8 17. Ne5 Qc8 18. Qxc8+ Rxc8 19. O-O-O Bg7 20. Rh1 N6d7 21. Ndf3 Nxe5 22. Bxe5 Bf6 23. g4 Kf7 24. g5 Bxe5 25.
Nxe5+ Ke6 26. g6 Nd7 27. Nxd7 Kxd7 28. Rg1 Rg8 29. g7 Ke6 30. Kd2 Kf5 31. Kd3 e5 32.
dxe5 Kxe5 33. f4+ Kf5 34. Rg5+ Kf6 35. Kd4 b6 36. b4 a5 37. bxa5 bxa5 38. Kc5 1-0

[Event "*** Titled Tuesday Blitz"]
[Site "Chess.com"]
[Date "2020.04.14"]
[Round "3"]
[White "ambaixador"]
[Black "Ar4uha"]
[Result "0-1"]
[WhiteElo "2395"]
[BlackElo "2637"]
[TimeControl "180+1"]
[EndTime "10:25:49 PDT"]
[Termination "Ar4uha won by resignation"]

1. d4 Nf6 2. Nf3 e6 3. c4 b6 4. g3 Ba6 5. Nbd2 d5 6. cxd5 exd5 7.
Bg2 Bd6 8. O-O O-O 9. Re1 Nbd7 10.
Qc2 Rc8 11. Nf1 c5 12. dxc5 Nxc5 13. Qb1 Re8 14. Nd4 Be5 15. Nf3 Bd6 16. Be3 Nce4 17.
Bd4 Bb4 18. Rc1 Bxe2 19. a3 Bc5 20. Ne3 Bxf3 21. Bxc5 Bxg2 0-1

[Event "*** Titled Tuesday Blitz"]
[Site "Chess.com"]
[Date "2020.04.14"]
[Round "3"]
[White "LogoCzar"]
[Black "Evgeny81"]
[Result "0-1"]
[WhiteElo "2440"]
[BlackElo "2714"]
[TimeControl "180+1"]
[EndTime "10:25:53 PDT"]
[Termination "Evgeny81 won by checkmate"]

1. e4 c6 2. d4 d5 3. e5 Bf5 4. h4 h5 5. Bd3 Bxd3 6. Qxd3 Qa5+ 7. Nd2 e6 8. Ne2 Ne7 9. O-O Nf5 10. Nf3 Qa6 11.
Qd1 c5 12. c3 Nc6 13. Be3 Be7 14.
g3 cxd4 15. Nexd4 Nxe3 16. fxe3 O-O-O 17. b4 Qb6 18. b5 Na5 19. Nd2 f6 20. exf6 gxf6 21.
Qa4 Rhg8 22. Kh2 Bd6 23. Rf3 Be5 24. Nxe6 Qxe6 25. Qxa5 Rxg3 26. Rxg3 Bxg3+ 27. Kxg3 Qxe3+ 28. Nf3 Rg8+ 29. Kh2 Qf2+ 30. Kh3 Qg3# 0-1

[Event "*** Titled Tuesday Blitz"]
[Site "Chess.com"]
[Date "2020.04.14"]
[Round "3"]
[White "NicoChasin"]
[Black "Quiet_Desperation"]
[Result "0-1"]
[WhiteElo "2487"]
[BlackElo "1931"]
[TimeControl "180+1"]
[EndTime "10:25:53 PDT"]
[Termination "Quiet_Desperation won by checkmate"]

1. e4 e6 2. d4 d5 3. Nc3 Nf6 4. Bg5 Be7 5. e5 Nfd7 6. h4 f6 7.
exf6 Nxf6 8. Nf3 c5 9. Bb5+ Nc6 10. Qe2 O-O 11. O-O-O c4 12. Rhe1 a6 13. Bxc6 bxc6 14. Ne5 Qb6 15. f4 Bb4 16. f5 Bxc3 17. bxc3 Ne4 18.
Qf3 Rxf5 19. Qh3 Rb8 20. Rxe4 Rf2 21. Re2 Rxe2 22. Nxc4 Qb1# 0-1

[Event "*** Titled Tuesday Blitz"]
[Site "Chess.com"]
[Date "2020.04.14"]
[Round "3"]
[White "Vamostodorecto"]
[Black "HouseOfDurin"]
[Result "1-0"]
[WhiteElo "2506"]
[BlackElo "2065"]
[TimeControl "180+1"]
[EndTime "10:25:58 PDT"]
[Termination "Vamostodorecto won on time"]

1. d4 Nf6 2. c4 c5 3. d5 b5 4. cxb5 a6 5. Nc3 axb5 6. e4 b4 7. Nb5 d6 8. a4 bxa3 9. Rxa3 Rxa3 10. bxa3 Bd7 11. Qa4 Qb6 12. Bd2 Bxb5 13. Bxb5+ Nbd7 14. Ba5 Qa7 15. Nf3 g6 16. e5 Nxd5 17. exd6 exd6 18.
O-O Be7 19. Bc6 Nf6 20. Re1 Kf8 21. Rxe7 Kxe7 22. Bd8+ Rxd8 23. Qxa7 Kf8 24. Qc7 1-0

[Event "*** Titled Tuesday Blitz"]
[Site "Chess.com"]
[Date "2020.04.14"]
[Round "3"]
[White "KetiTsatsalashvili"]
[Black "GamayevOleg"]
[Result "0-1"]
[WhiteElo "2231"]
[BlackElo "2525"]
[TimeControl "180+1"]
[EndTime "10:25:59 PDT"]
[Termination "GamayevOleg won by resignation"]

1. d4 d6 2. Nf3 Nf6 3. c4 Nbd7 4. Nc3 e5 5. e4 c6 6. Be2 Be7 7. O-O O-O 8. h3 exd4 9. Nxd4 Nb6 10. Bf4 Re8 11.
Re1 Bf8 12. Bf1 Nfd7 13. Qd2 Ne5 14. b3 a5 15. Rad1 a4 16. Qc2 axb3 17. axb3 Nbd7 18. Bg3 Nc5 19. b4 Ncd7 20. Nf5 Qc7 21. Rd2 Nb6 22. Ne3 Be6 23. c5 dxc5 24. bxc5 Nbd7 25. f4 Ng6 26. f5 Qxg3 27. fxe6 Qxe1 28. Re2 Qa1 29. exd7 Red8 30.
Ncd1 Rxd7 31. Nf5 Ne5 32. Nde3 g6 33. Nd6 Bxd6 34. cxd6 Rxd6 35. Qb3 b5 36. Rf2 Qa3 37. Qxa3 Rxa3 38. Nc2 Ra2 0-1

[Event "*** Titled Tuesday Blitz"]
[Site "Chess.com"]
[Date "2020.04.14"]
[Round "3"]
[White "DivyaDeshmukh23"]
[Black "ClockworkKubrick"]
[Result "1-0"]
[WhiteElo "2482"]
[BlackElo "2212"]
[TimeControl "180+1"]
[EndTime "10:25:59 PDT"]
[Termination "DivyaDeshmukh23 won by resignation"]

1. e4 d6 2. d4 Nf6 3. Nc3 g6 4. Nf3 Bg7 5. Bf4 O-O 6. Qd2 c6 7. Bd3 Nbd7 8. h4 h5 9. Bh6 b5 10. Ne2 e5 11. Ng3 Nb6 12. dxe5 dxe5 13. Nxe5 Qd4 14.
Nxc6 Qxb2 15. O-O a6 16. e5 Ng4 17. Bxg7 Kxg7 18. Nxh5+ Kh7 19. Qg5 Bb7 20. Qxg4 Bxc6 21. Nf4 Qxe5 22. Nxg6 Qg7 23. Ne7+ Kh6 24. Nf5+ 1-0